 Dungeon Crawl Stone Soup version 0.19-a0-599-g723c685 (webtiles) character file.

134 Magifyre the Firebug (level 4, -3/24 HPs)
             Began as a Deep Elf Fire Elementalist on June 10, 2016.
             Slain by Sigmund
             ... wielding a +0 scythe
              (11 damage)
             ... on level 3 of the Dungeon on June 11, 2016.
             The game lasted 00:17:29 (2375 turns).

Magifyre the Firebug (Deep Elf Fire Elementalist)   Turns: 2375, Time: 00:17:30

Health: -3/24      AC:  4    Str:  5    XL:     4   Next: 95%
Magic:  5/11       EV: 13    Int: 21    God:
Gold:   97         SH:  0    Dex: 15    Spells: 3 memorised, 4 levels left

rFire  . . .     SeeInvis .     e - +3 quarterstaff (chaos)
rCold  . . .     Gourm    .     a - +0 robe
rNeg   . . .     Faith    .     (shield currently unavailable)
rPois  .         Spirit   .     d - +0 helmet
rElec  .         Dismiss  .     q - +0 cloak
rCorr  .         Reflect  .     (no gloves)
SustAt .         Harm     .     (no boots)
MR     .....                    (no amulet)
Stlth  +.........               (no ring)
                                k - ring of flight

@: confused, not resistant to hostile enchantments, very unstealthy
A: no striking features
a: Evoke Flight


You were on level 3 of the Dungeon.
You were not hungry.

You visited 1 branch of the dungeon, and saw 3 of its levels.

You collected 97 gold pieces.

Inventory:

Hand Weapons
 e - a +3 quarterstaff of chaos (weapon)
Armour
 a - a +0 robe (worn)
 d - a +0 helmet (worn)
 q - a +0 cloak (worn)
Jewellery
 k - a ring of flight (left hand)
Scrolls
 h - a scroll of identify
 l - a scroll of fog
Potions
 g - a potion of invisibility {unknown}
 j - a potion of resistance {unknown}
Books
 b - a book of Flames

   Spells                             Type                      Level
   a - Flame Tongue                   Conjuration/Fire             1
   b - Throw Flame                    Conjuration/Fire             2
   c - Conjure Flame                  Conjuration/Fire             3
   d - Inner Flame                    Hexes/Fire                   3
   e - Sticky Flame                   Conjuration/Fire             4
   f - Fireball                       Conjuration/Fire             5
Comestibles
 c - 3 bread rations
 f - 3 fruits
 i - a meat ration


   Skills:
 - Level 2.4 Dodging
 - Level 2.4 Stealth
 + Level 3.9 Spellcasting
 * Level 4.0 Conjurations
 * Level 4.2 Fire Magic


You had 4 spell levels left.
You knew the following spells:

 Your Spells              Type           Power        Failure   Level  Hunger
a - Flame Tongue          Conj/Fire      ###..        1%          1    None
b - Throw Flame           Conj/Fire      ###...       3%          2    #......
c - Conjure Flame         Conj/Fire      ###.....     10%         3    ###....


Dungeon Overview and Level Annotations

Branches:
Dungeon (3/15)

Altars:
Elyvilon
Xom
Yredelemnul
Zin
The Shining One

Annotations:
D:3 Sigmund


Message History

The puff of flame hits Sigmund.
Sigmund is severely wounded.
Sigmund gestures at you while chanting.
You are confused.
You're too confused to cast spells.
You're too confused to move!
Sigmund closely misses you.
Unknown command.
Unknown command.
You're too confused to cast spells.
Sigmund closely misses you.
Unknown command.
Unknown command.
You're too confused to move!
Sigmund gestures at you while chanting.
You are more confused.
Sigmund mumbles some strange words.
Sigmund flickers and vanishes!
Deactivating autopickup; reactivate with Ctrl-A.
You're too confused to move!
Something hits you!
You die...

....###........* #.#.##..#,,
....#
#........########.#.#.#.#,,
....#
#.......................#,,
....#
#....................####,,
....#
*......................[,,,
....#
*,,...................##***
....# ****,*###.............#
* ##### *,** #.............#
*****,,**#.@...........# ****
*,,,...................# ,,,*
*,,,.................$.# ,,,*
*,,*##.###.............*
,,,***,,**#,**#...#######!#,*
*,,*,,,,**,,,*#...# *,*,*****
,,,*,,,,,,,_,,....# *,,,,,,,,
*,,*,*,,**,,,*#..## ***,###**
,,,*,*,,***,***,,* *,#.###


There were no monsters in sight!

Vanquished Creatures
  A jelly (D:3)
  Crazy Yiuf (D:2)
  An adder (D:2)
  A gnoll (D:1)
  2 oozes (D:1)
  A worm (D:2)
  A giant gecko (D:2)
  6 bats
  A giant cockroach (D:1)
  5 goblins
  7 hobgoblins
  6 jackals (D:2)
  2 quokkas (D:2)
  3 ball pythons
  2 giant newts (D:1)
  A kobold (D:2)
  5 rats
46 creatures vanquished.

Vanquished Creatures (others)
  A giant cockroach (D:1)
1 creature vanquished.

Grand Total: 47 creatures vanquished

Notes
Turn   | Place    | Note
--------------------------------------------------------------
     0 | D:1      | Magifyre the Deep Elf Fire Elementalist began the quest for the Orb.
     0 | D:1      | Reached XP level 1. HP: 10/10 MP: 6/6
   112 | D:1      | Reached XP level 2. HP: 14/15 MP: 4/8
   116 | D:1      | Learned a level 2 spell: Throw Flame
   482 | D:1      | Reached XP level 3. HP: 4/19 MP: 1/9
  1017 | D:1      | Learned a level 3 spell: Conjure Flame
  1449 | D:2      | Found a glowing silver altar of Zin.
  1452 | D:2      | Found a white marble altar of Elyvilon.
  1454 | D:2      | Found a glowing golden altar of the Shining One.
  1478 | D:2      | Found a basalt altar of Yredelemnul.
  1768 | D:2      | Reached XP level 4. HP: 24/24 MP: 8/11
  2057 | D:2      | Noticed Crazy Yiuf
  2067 | D:2      | Killed Crazy Yiuf
  2346 | D:3      | Found a shimmering altar of Xom.
  2357 | D:3      | Noticed Sigmund
  2375 | D:3      | Slain by Sigmund

Vault maps used:
D:1:      saegor_arrival_miasma, fountainhead, minmay_misc_feat_ornament
D:2:      good_gods_mini_temple, lemuel_doored_altar, minmay_splitting_lines,
          uniq_crazy_yiuf_cottage
D:3:      marbit_many_paths, xom_teletrap_fun, lemuel_crystal_altar,
          nicolae_overflow_crystal_walls, uniq_jessica, uniq_sigmund

Skill      XL: |  1  2  3  4 |
---------------+-------------+-----
Conjurations   | 2 3 4 |  4.0
Fire Magic     | 4 |  4.2
Dodging        | |  2.4
Stealth        | |  2.4
Spellcasting   | |  3.9

Action                   |  1- 3 |  4- 6 || total
-------------------------+-------+-------++-------
Melee: Quarterstaff      |       |     2 ||     2
 Cast: Flame Tongue      |    37 |     9 ||    46
       Throw Flame       |    35 |    16 ||    51
  Use: Scroll            |     1 |     4 ||     5
  Eat: Chunk             |     3 |     3 ||     6
Armor: Robe              |     3 |       ||     3
Dodge: Dodged            |    13 |     5 ||    18
